 Dungeon Crawl Stone Soup version 0.22-a0-414-gacd343e (webtiles) character file.

10 Mgcat the Stinger (level 2, -2/22 HPs)
             Began as a Naga Venom Mage on May 13, 2018.
             Slain by Terence
             ... wielding a +4 flail of protection
              (7 damage)
             ... on level 2 of the Dungeon.
             The game lasted 00:03:21 (614 turns).

Mgcat the Stinger (Naga Venom Mage)                  Turns: 614, Time: 00:03:22

Health: -2/22      AC:  1    Str: 10    XL:     2   Next: 20%
Magic:  1/5        EV: 10    Int: 15    God:
Gold:   49         SH:  0    Dex: 11    Spells: 2/5 levels left

rFire    . . .     SeeInvis +   f - +0 short sword
rCold    . . .     Gourm    .   (no shield)
rNeg     . . .     Faith    .   a - +0 robe
rPois    +         Spirit   .   (no helmet)
rElec    .         Reflect  .   (no cloak)
rCorr    .         Harm     .   (no gloves)
MR       .....                  (no barding)
Stlth    ++........             (no amulet)
HPRegen  0.07/turn              (no ring)
MPRegen  0.09/turn              (no ring)

@: very slightly contaminated, very slow
A: large, see invisible, deformed body, poison resistance, slowness 2, slow
metabolism 1, spit poison 1, AC +0
a: Spit Poison


You were on level 2 of the Dungeon.
You were not hungry.

You visited 1 branch of the dungeon, and saw 2 of its levels.

You collected 49 gold pieces.

Inventory:

Hand Weapons
 f - a +0 short sword (weapon)
   (You took it off a kobold on level 1 of the Dungeon)
Armour
 a - a +0 robe (worn)
Scrolls
 b - 3 scrolls of identify {unknown}
 d - a scroll of enchant weapon {unknown}
 e - a scroll of immolation {unknown}
 h - a scroll of teleportation {unknown}
Potions
 g - a potion of lignification {unknown}
 i - a potion of berserk rage {unknown}
Comestibles
 c - 2 rations


   Skills:
 - Level 1.5 Dodging
 - Level 3.0 Stealth
 + Level 2.2 Spellcasting
 + Level 1.4 Conjurations
 + Level 4.3 Poison Magic


You had 2 spell levels left.
You knew the following spells:

 Your Spells              Type           Power        Failure   Level  Hunger
a - Sting                 Conj/Pois      ##..         7%          1    #......
b - Poisonous Vapours     Pois/Air       #.....       14%         2    ###....

Your spell library contained the following spells:

 Spells                   Type           Power        Failure   Level  Hunger
 Mephitic Cloud           Conj/Pois/Air  #.......     30%         3    ###....
 Venom Bolt               Conj/Pois      ##........   88%         5    ######.
 Olgreb's Toxic Radiance  Pois           ##......     36%         4    #####..


Dungeon Overview and Level Annotations

Branches:
Dungeon (2/15)

Altars:

Annotations:
D:2 Terence


Innate Abilities, Weirdness & Mutations

You cannot wear boots.
Your serpentine skin is tough. (AC +0)
You have supernaturally acute eyesight. (SInv)
Armour fits poorly on your strangely shaped body.
Your system is resistant to poisons. (rPois)
You cover ground very slowly.
You have a slow metabolism.
You can spit poison.


Message History

Things that are here:
a dagger; a goblin corpse You butcher the goblin corpse.
g - 2 chunks of flesh {@w0} (gained 1)
You see here a dagger. x2
You now have 39 gold pieces (gained 1).
i - a sapphire potion
Found an escape hatch in the floor.
There is an escape hatch in the floor here.
A kobold comes into view.
The kobold shouts!
The kobold throws a stone.
The stone hits you.
You see here a stone.
Press: ? - help, Shift-Dir - straight line, f - kobold
Aim: a kobold The splash of poison hits the kobold.
The kobold is severely wounded.
You feel slightly more hungry. The kobold closely misses you. x2
You barely miss the kobold.
The kobold is severely wounded.
The kobold completely misses you.
You closely miss the kobold.
The kobold is severely wounded.
The kobold hits you.
You closely miss the kobold.
The kobold is severely wounded.
The kobold hits you.
You closely miss the kobold.
The kobold is severely wounded.
You have got your breath back.
The kobold hits you.
You barely miss the kobold.
The kobold is severely wounded.
The kobold hits you.
You barely miss the kobold.
The kobold is severely wounded.
The kobold barely misses you.
Press: ? - help, Shift-Dir - straight line, f/p - kobold
Aim: a kobold (severely wounded)
The splash of poison hits the kobold.
The kobold is poisoned.
You kill the kobold!
You feel slightly more hungry.
You have got your breath back.
Some of the chunks of flesh in your inventory have rotted away.
You see here a stone.
All of the chunks of flesh in your inventory have rotted away.
You see here 11 stones.
You now have 49 gold pieces (gained 10).
Partly explored, can't reach some places.
Partly explored, can't reach some places.
Partly explored, can't reach some places.
Partly explored, can't reach some places.
Partly explored, can't reach some places.
Partly explored, can't reach some places.
Partly explored, can't reach some places.
Partly explored, can't reach some places.
Partly explored, can't reach some places.
Partly explored, can't reach some places.
Partly explored, can't reach some places.
(D) Dungeon
Where to? (? - help)
What level of the Dungeon? (default 1, ? - help)
You see here 14 stones.
There is a stone staircase leading down here.
You climb downwards.
There is a stone staircase leading up here.
g - a brown potion Marking area around Terence as unsafe for travelling.
Terence the Incautious comes into view.
He is wielding a flail of protection.
Unknown command.
Unknown command.
Unknown command.
Unknown command.
Memorise Poisonous Vapours, consuming 2 spell levels and leaving 2?
You start memorising the spell.
You continue memorising. x2
You finish memorising.
Spell assigned to 'b'.
Really slither into a travel-excluded area?
Terence shouts!
Terence screams, "I want your blood!" Terence barely misses you.
Cast which spell? (? or * to list)
Aiming: Poisonous Vapours (safe; 14% risk of failure)
Press: ? - help, Dir - move target cursor, f - Terence
Aim: Terence, wielding a flail of protection and wearing a chain mail Poisonous vapours surround Terence!
Casting: Poisonous Vapours (safe; 14% risk of failure)
Confirm with . or Enter, or press ? or * to list all spells.
Aiming: Poisonous Vapours (safe; 14% risk of failure)
Press: ? - help, Dir - move target cursor, f/p - Terence
Aim: Terence, wielding a flail of protection and wearing a chain mail You miscast Poisonous Vapours.
You are very lightly contaminated with residual magic.
You hear a whooshing sound.
Terence hits you with a flail of protection.
Terence hits you with a flail of protection!
Ouch! That really hurt!
* * * LOW HITPOINT WARNING * * *
Terence hits you with a flail of protection!
You die...

#.# #.#
#.# #.#
#.# #.#
#.# #@#
#@#
####.##
#.....#
#.##.##
#. ###
#. #.
#.


You could see Terence.

Vanquished Creatures
  2 goblins (D:1)
  3 kobolds (D:1)
  4 bats (D:1)
  A rat (D:1)
10 creatures vanquished.

Notes
Turn   | Place    | Note
-------+----------+-------------------------------------------
     0 | D:1      | Mgcat the Naga Venom Mage began the quest for the Orb.
     0 | D:1      | Reached XP level 1. HP: 15/15 MP: 3/3
   157 | D:1      | Reached XP level 2. HP: 21/22 MP: 5/5
   603 | D:2      | Noticed Terence
   608 | D:2      | Learned a level 2 spell: Poisonous Vapours
   611 | D:2      | HP: 5/22 [Terence/flail of protection (11)]
   614 | D:2      | Slain by Terence

Vault maps used:
D:1:      lightli_molten_gateway
D:2:      minmay_misc_feat_encased, uniq_terence, uniq_jessica

Action                   || total
-------------------------++-------
Melee: Short sword       ||    13
 Cast: Poisonous Vapours ||     1
 Abil: Spit Poison       ||    10
Dodge: Dodged            ||     8

Table legend:
 A = Spawn XP
 B = Non-spawn XP
 C = Spawn XP percentage of total XP
 D = Spawn monster count
 E = Non-spawn monster count
 F = Spawn count percentage of total count
 G = Total turns spent on level
                    A         B        C        D         E        F      G
               +---------+---------+-------+---------+---------+-------+---------
         Total |       0 |      15 |   0.0 |       0 |      10 |   0.0 |   614
               +---------+---------+-------+---------+---------+-------+---------
           D:1 |       0 |      15 |   0.0 |       0 |      10 |   0.0 |   596
               +---------+---------+-------+---------+---------+-------+---------

Vault maps used:
D:1:      lightli_molten_gateway
D:2:      minmay_misc_feat_encased, uniq_terence, uniq_jessica

Table legend:
 A = Turns spent in this place as a percentage of turns spent in the entire game.
 B = Non-inter-level travel turns spent in this place as a percentage of non-inter-level travel turns spent in the entire game.
 C = Inter-level travel turns spent in this place as a percentage of turns spent in this place.
 D = Turns resting spent in this place as a percentage of non-inter-level travel turns spent in this place.
 E = Turns spent auto-exploring this place as a percentage of non-inter-level travel turns spent in this place.
 F = Non-inter-level travel turns spent in this place divided by the number of levels of this place that you've seen.
                   A       B       C       D       E      F
               +-------+-------+-------+-------+-------+----------------------
         Total | 100.0 | 100.0 |   4.6 |   0.0 |  85.5 | 293.0
       Dungeon | 100.0 | 100.0 |   4.6 |   0.0 |  85.5 | 293.0
               +-------+-------+-------+-------+-------+----------------------

Table legend:
 A = Kills in this place as a percentage of kills in entire the game.
 B = Kills by you in this place as a percentage of kills by you in the entire game.
 C = Kills by friends in this place as a percentage of kills by friends in the entire game.
 D = Other kills in this place as a percentage of other kills in the entire game.
 E = Experience gained in this place as a percentage of experience gained in the entire game.
 F = Experience gained in this place divided by the number of levels of this place that you have seen.
                   A       B       C       D       E      F
               +-------+-------+-------+-------+-------+----------------------
         Total | 100.0 | 100.0 |   N/A |   N/A | 100.0 |   7.5
       Dungeon | 100.0 | 100.0 |   N/A |   N/A | 100.0 |   7.5
               +-------+-------+-------+-------+-------+----------------------
